 Dungeon Crawl Stone Soup version 0.30.1-9-gdf580d7c3d (webtiles) character file.

Game seed: 17138111798231572276

17768 eliilek the Basher (level 12, -22/107 HPs)
             Began as a Minotaur Berserker on Oct 6, 2023.
             Was an Elder of Trog.
             Annihilated by a large abomination (29 damage)
             ... in a Gauntlet.
             The game lasted 00:36:43 (11697 turns).

eliilek the Basher (Minotaur Berserker)            Turns: 11697, Time: 00:36:43

Health: -22/107    AC: 21    Str: 25    XL:     12   Next: 21%
Magic:  11/11      EV: 10    Int:  4    God:    Trog [****..]
Gold:   572        SH:  0    Dex: 17    Spells: 11/11 levels left

rFire   + . .        a - +0 morningstar
rCold   + + .        (no shield)
rNeg    + + .        s - +2 plate armour {rF+}
rPois   .            (helmet restricted)
rElec   .            (no cloak)
rCorr   .            c - +1 pair of gloves
SInv    .            v - +0 pair of boots
Will    +++..        l - amulet of the Lost Lovers {Faith Fly rC+ Dex+5} Stlth
                     D - ring "Naoqaxt" {Fly rC+ rN++ Stlth+}
HPRegen 1.37/turn    k - ring of willpower
MPRegen 0.12/turn

%: no teleportation, faith
@: strong-willed, flying, regenerating
A: horns 2, retaliatory headbutt
a: Renounce Religion, Berserk, Trog's Hand, Brothers in Arms


You were in a Gauntlet.
You worshipped Trog.
Trog was greatly pleased with you.
You visited 2 branches of the dungeon, and saw 12 of its levels.
You also visited: Ossuary and Gauntlet.

You collected 938 gold pieces.
You spent 366 gold pieces at shops.

Inventory:

Hand Weapons
 a - a +0 morningstar (weapon)
 b - a +0 sling
Missiles
 j - 9 poisoned darts
Armour
 c - a +1 pair of gloves (worn)
 s - a +2 plate armour of fire resistance (worn)
 v - a +0 pair of boots (worn)
Jewellery
 i - a ring of see invisible
 k - a ring of willpower (right hand)
 l - the amulet of the Lost Lovers (around neck) {Faith Fly rC+ Dex+5}
   (You found it on level 4 of the Dungeon)

   [amulet of faith]

   It allows you to gain divine favour quickly.
   Dex:       It affects your dexterity (+5).
   rC:        It protects you from cold.
   Fly:       It grants you flight.
 u - a ring of protection from cold
 D - the ring "Naoqaxt" (left hand) {Fly rC+ rN++ Stlth+}
   (You found it in a Gauntlet)

   [ring of flight]

   rC:        It protects you from cold.
   rN:        It greatly protects you from negative energy.
   Fly:       It grants you flight.
   Stlth:     It makes you more stealthy.
Wands
 n - a wand of flame (17)
 o - a wand of roots (2)
Scrolls
 e - a scroll of fear
 g - 5 scrolls of teleportation
 p - 2 scrolls of enchant weapon
 t - 5 scrolls of enchant armour
 w - 2 scrolls of fog
 y - 2 scrolls of blinking
 z - a scroll of summoning
 A - a scroll of magic mapping
 B - 6 scrolls of identify
 F - a scroll of brand weapon {unknown}
Potions
 d - a potion of flight
 f - 2 potions of berserk rage
 h - 3 potions of curing
 m - 3 potions of ambrosia
 q - 3 potions of mutation
 r - 3 potions of heal wounds
 x - a potion of cancellation
 C - 4 potions of haste
 E - a potion of might


   Skills:
 + Level 10.5 Fighting
 + Level 14.2 Maces & Flails
 - Level 10.0 Ranged Weapons
 + Level 12.3 Armour
 - Level 6.0 Dodging


You had 11 spell levels left.
You didn't know any spells.
Your spell library was empty.

Dungeon Overview and Level Annotations

Branches:
Dungeon (10/15)            Temple (0/1) D:5            Lair (2/5) D:8
  Swamp (0/4) Lair:2        Snake (0/4) Lair:2      Ossuary (visited)
Gauntlet (1/1)
    Orc: D:9-12

Altars:
Ashenzari
Hepliaklqana
Makhleb
Uskayaw
Xom
Yredelemnul

Shops:
D:3 ?   D:6 ?

Annotations:
Gauntlet 9 transporters, exclusion: ice statue


Innate Abilities, Weirdness & Mutations

You have a pair of horns on your head.
You reflexively headbutt those who attack you in melee.


Message History

You closely miss the small abomination. You headbutt the small abomination.
The small abomination is moderately damaged.
The large abomination hits you but does no damage.
The small abomination barely misses you.
The large abomination hits you! The small abomination hits you.
You barely miss the small abomination.
The small abomination is moderately damaged.
The large abomination hits you!
The small abomination hits you but does no damage.
The small abomination hits you.
You bludgeon the small abomination!!
You destroy the small abomination!
Trog accepts your kill.
The large abomination completely misses you.
The large abomination misses you.
The small abomination barely misses you.
You furiously retaliate!
You headbutt the small abomination. You impale the small abomination!!
You destroy the small abomination!
Trog accepts your kill. The large abomination hits you!!
The large abomination hits you but does no damage.
Unknown command.
Your skin crawls.
You feel strong-willed. Trog will no longer gift you weapons.
The small abomination hits you.
The large abomination hits you but does no damage.
You closely miss the small abomination. The large abomination hits you!
* * * LOW HITPOINT WARNING * * *
You barely miss the small abomination.
Your headbutt misses the small abomination.
The small abomination hits you.
* * * LOW HITPOINT WARNING * * *
The large abomination hits you!!
* * * LOW HITPOINT WARNING * * *
You closely miss the small abomination.
You headbutt the small abomination, but do no damage.
The large abomination hits you!!
You die...

#........................
###..###########...########
#8#..#")#.©.#.x#...#..?.©.5
###..##..#.#.x##...#.###...
#..#.#x.#..#.#...#.#...#.
###..#..#...#..#...#...###.
#8#..##..#.#..##...#.###©..
###..#.#.X#..#.#...#.#...#.
#..#..#.@X#..#...#...###.
###..#...#x#...#...#.###...
#8#..#....#....#...#..35...
###..###########...########
#.....#.©.#....≈.........
###...8.#...#...≈8≈........
#8#.....#.©.#....≈.........
###..###########...########
#..#....©....#...#....©!#


You could see 2 large abominations and a small abomination.

Vanquished Creatures
  Erolcha (D:10)
  A catoblepas (Gauntlet)
  A boulder beetle (D:9)
  A wolf spider (D:9)
  A cyclops (D:9)
  A large abomination (Gauntlet)
  2 gargoyles (Gauntlet)
  A molten gargoyle (Gauntlet)
  2 cane toads (Lair:1)
  A rime drake (Lair:1)
  An efreet (D:9)
  6 komodo dragons
  3 trolls (D:10)
  A hornet (D:10)
  7 blink frogs (Lair:1)
  8 yaks
  2 basilisks (Lair:1)
  2 wyverns (D:9)
  2 steam dragons
  3 vampire mosquitoes (D:10)
  2 wargs (D:8)
  3 water moccasins
  4 orc warriors (D:8)
  2 black bears
  An ice beast (D:7)
  2 ogres
  3 centaurs
  A phantom (D:5)
  5 elf zombies (Ossuary)
  5 bullfrogs
  2 scorpions
  10 wights
  32 killer bees
  3 small abominations (Gauntlet)
  4 centaur zombies (Ossuary)
  2 jellies
  3 human zombies (Ossuary)
  4 hounds
  2 orc priests
  3 sleepcaps
  6 iguanas (D:8)
  12 orc wizards
  4 mummies
  Robin (D:3)
  3 gnolls
  5 adders
  3 shadow imps
  3 white imps
  2 ufetubi
  A worm (D:2)
  A dart slug (D:1)
  21 orcs
  7 endoplasms
  5 giant cockroaches
  16 goblins
  10 hobgoblins
  10 quokkas
  6 ball pythons
  6 bats
  6 frilled lizards
  8 kobolds
  7 rats
283 creatures vanquished.

Vanquished Creatures (collateral kills)
  A two-headed ogre (D:8)
  A tengu conjurer (D:9)
  3 yaks (Lair:2)
  2 water moccasins (Lair:2)
  2 bullfrogs
  2 wights (D:8)
  An orc priest (D:8)
  An orc wizard (D:8)
  A shadow imp (D:8)
  2 orcs (D:8)
16 creatures vanquished.

Vanquished Creatures (others)
  A slime creature (D:9)
1 creature vanquished.

Grand Total: 300 creatures vanquished

Notes
Turn   | Place    | Note
-------+----------+-------------------------------------------
     0 | D:1      | eliilek the Minotaur Berserker began the quest for the Orb.
     0 | D:1      | Reached XP level 1. HP: 19/19 MP: 0/0
   203 | D:1      | Reached skill level 4 in Maces & Flails
   270 | D:1      | Found a faded altar of an unknown god.
   284 | D:1      | Reached XP level 2. HP: 26/26 MP: 1/1
   653 | D:1      | Reached skill level 5 in Maces & Flails
   786 | D:1      | Reached XP level 3. HP: 31/31 MP: 2/2
   986 | D:2      | Reached ** piety under Trog
  1116 | D:2      | Identified the +12 dagger of a Gauntlet {freeze, Str+3}
  1266 | D:2      | Found a broken altar of Ashenzari.
  1416 | D:2      | Reached XP level 4. HP: 39/39 MP: 3/3
  1475 | D:2      | Reached skill level 6 in Maces & Flails
  1777 | D:3      | Noticed Robin
  1961 | D:3      | Killed Robin
  2061 | D:3      | Noticed a black bear
  2085 | D:3      | Killed a black bear
  2086 | D:3      | Reached skill level 7 in Maces & Flails
  2086 | D:3      | Reached skill level 1 in Ranged Weapons
  2086 | D:3      | Reached XP level 5. HP: 35/45 MP: 4/4
  2173 | D:3      | Reached XP level 6. HP: 19/51 MP: 5/5
  2356 | D:3      | Found Keurchifu's Magic Scroll Boutique.
  2364 | D:3      | Bought a scroll of enchant weapon for 90 gold pieces
  2364 | D:3      | Bought a scroll of identify for 24 gold pieces
  2364 | D:3      | Bought a scroll of identify for 24 gold pieces
  2424 | D:3      | Reached skill level 8 in Maces & Flails
  2616 | D:4      | Reached *** piety under Trog
  2794 | D:4      | Found a hazy altar of Hepliaklqana.
  3205 | D:4      | Reached XP level 7. HP: 29/57 MP: 6/6
  3325 | D:4      | Reached skill level 9 in Maces & Flails
  3365 | D:4      | Identified the amulet of the Lost Lovers {Faith Fly rC+
                  | Dex+5}
  3613 | D:5      | Entered Level 5 of the Dungeon
  3642 | D:5      | Found a shimmering altar of Xom.
  3699 | D:5      | Found a staircase to the Ecumenical Temple.
  3762 | D:5      | Found a basalt altar of Yredelemnul.
  3890 | D:5      | Found a hide-covered altar of Uskayaw.
  4367 | D:6      | Reached skill level 10 in Maces & Flails
  4472 | D:6      | Reached XP level 8. HP: 64/64 MP: 7/7
  4717 | D:6      | Reached skill level 5 in Ranged Weapons
  4860 | D:6      | Reached skill level 11 in Maces & Flails
  4996 | D:6      | Reached **** piety under Trog
  5136 | D:6      | Found Qydexej's Magic Scroll Shop.
  5143 | D:6      | Bought a scroll of identify for 24 gold pieces
  5143 | D:6      | Bought a scroll of identify for 24 gold pieces
  5143 | D:6      | Bought 2 scrolls of blinking for 180 gold pieces
  5630 | D:7      | Found a burning altar of Makhleb.
  5656 | D:7      | Reached skill level 12 in Maces & Flails
  5692 | D:7      | Identified the +0 leather armour of the Burning Gods
                  | {rPois}
  6079 | D:8      | Noticed a two-headed ogre
  6085 | D:8      | Killed a two-headed ogre
  6086 | D:8      | Reached skill level 13 in Maces & Flails
  6086 | D:8      | Reached XP level 9. HP: 61/70 MP: 8/8
  6107 | D:8      | Reached skill level 14 in Maces & Flails
  6159 | D:8      | Found a sand-covered staircase.
  6248 | Ossuary  | Entered an ossuary
  6393 | Ossuary  | Reached skill level 5 in Fighting
  6393 | Ossuary  | Reached skill level 5 in Dodging
  6596 | D:8      | Reached ***** piety under Trog
  6813 | D:8      | Noticed a komodo dragon
  6816 | D:8      | Reached XP level 10. HP: 56/81 MP: 9/9
  7116 | D:8      | Reached skill level 5 in Armour
  7274 | D:8      | Found a staircase to the Lair.
  7536 | D:9      | Found a transporter.
  7538 | D:9      | Noticed a wolf spider
  7538 | D:9      | Noticed a boulder beetle
  7642 | D:9      | Noticed a cyclops
  7643 | D:9      | Found a transporter.
  8195 | D:9      | Killed a wolf spider
  8200 | D:9      | Killed a cyclops
  8207 | D:9      | Killed a boulder beetle
  8401 | D:10     | Entered Level 10 of the Dungeon
  8597 | D:10     | Received a gift from Trog
  8966 | D:10     | Noticed Erolcha
  8983 | D:10     | Killed Erolcha
  8984 | D:10     | Reached XP level 11. HP: 44/94 MP: 10/10
  9446 | Lair:1   | Entered Level 1 of the Lair of Beasts
  9982 | Lair:1   | Reached skill level 10 in Armour
 10617 | Lair:1   | Received a gift from Trog
 11202 | Lair:2   | Reached XP level 12. HP: 91/106 MP: 11/11
 11219 | Lair:2   | Found a gate leading to a gauntlet.
 11230 | Gauntlet | Entered a Gauntlet
 11230 | Gauntlet | Noticed a catoblepas
 11230 | Gauntlet | Found a transporter.
 11230 | Gauntlet | Found a transporter.
 11230 | Gauntlet | Found a transporter.
 11243 | Gauntlet | Found a transporter.
 11246 | Gauntlet | Found a transporter.
 11261 | Gauntlet | Found a transporter.
 11271 | Gauntlet | Found a transporter.
 11277 | Gauntlet | Found a transporter.
 11294 | Gauntlet | Found a transporter.
 11302 | Gauntlet | Found a transporter.
 11320 | Gauntlet | Found a transporter.
 11376 | Gauntlet | Found a transporter.
 11457 | Gauntlet | Reached skill level 10 in Fighting
 11457 | Gauntlet | Reached skill level 10 in Ranged Weapons
 11466 | Gauntlet | Killed a catoblepas
 11667 | Gauntlet | Identified the ring "Naoqaxt" {Fly rC+ rN++ Stlth+}
 11697 | Gauntlet | Annihilated by a large abomination

Illustrated notes

Levels and vault maps discovered:
D:1:      amcnicky_arrival_single_pillar, layout_basic,
          shapermc_ecumenical_altar_starsandcircs
D:2:      layout_loops_cross, basic_altar
D:3:      layout_rooms, serial_shops, shop, uniq_robin
D:4:      minmay_thick_lines, layout_basic, mainiacjoe_overflow_catwalk,
          nicolae_figureground_pulse
D:5:      layout_rooms, mainiacjoe_overflow_six_doors_small,
          eat_drink_and_be_merry_uskayaw, xom_butterflies,
          minmay_temple_entry_mist, nicolae_concentric_dashed_squares_mild
D:6:      layout_gridville, serial_shops, shop, nicolae_benzene_ring,
          sigmund_army
D:7:      layout_rooms, mainiacjoe_overflow_cross_hatched
D:8:      layout_basic, erik_lair_orcish_takeover, gup_ossuary_entry_pyramid,
          minmay_lizard_king
D:9:      gammafunk_sealed_arena, layout_irregular_city
D:10:     layout_cave_pools, uniq_erolcha
Lair:1:   wad_woods_minihive, layout_long_grid, grunt_megastairs_4,
          infiniplex_staircase_pool, lemuel_fruit_tree
Lair:2:   layout_hall_layers, minmay_swamp_entry_worms,
          guppyfry_snake_entry_island, gauntlet_entry_generic,
          grunt_megastairs_1, infiniplex_staircase_pool_2
Gauntlet: gammafunk_gauntlet_shortcut [gammafunk_gauntlet_arena_corners,
          gammafunk_gauntlet_arena_arrow_garden, nicolae_gauntlet_swirl,
          nicolae_gauntlet_arena_t_cross,
          gammafunk_gauntlet_arena_split_diamond,
          nicolae_gauntlet_arena_grate_2, gauntlet_exit_green]

Skill      XL: |  1  2  3  4  5  6  7  8  9 10 11 12 |
---------------+-------------------------------------+-----
Maces & Flails | 4 5 7 8 10 13 14 | 14.2
Ranged Weapons | 1 2 3 4 6 8 9 10 | 10.0
Fighting       | 5 7 9 10 | 10.5
Dodging        | 5 6 |  6.0
Armour         | 4 9 12 | 12.3

Action                     |  1- 3 |  4- 6 |  7- 9 | 10-12 || total
---------------------------+-------+-------+-------+-------++-------
  Melee: Mace              |    95 |    73 |       |       ||   168
         Headbutt          |    11 |    12 |    59 |    80 ||   162
         Punch             |       |     1 |       |       ||     1
         Dire flail        |       |    46 |   260 |   383 ||   689
         Morningstar       |       |       |       |    13 ||    13
   Fire: Sling             |       |    44 |    81 |    96 ||   221
 Invoke: Berserk           |       |     3 |       |     1 ||     4
         Brothers in Arms  |       |       |     1 |     4 ||     5
         Trog's Hand       |       |       |       |     4 ||     4
    Use: Scroll            |       |     8 |    14 |     3 ||    25
         Potion            |       |     1 |       |       ||     1
   Stab: Distracted        |       |       |       |     1 ||     1
 Armour: Animal skin       |     4 |       |       |       ||     4
         Ring mail         |    30 |    31 |       |       ||    61
         Chain mail        |       |    32 |     2 |       ||    34
         Skin              |       |    12 |       |       ||    12
         Plate armour      |       |       |    90 |   245 ||   335
  Dodge: Dodged            |    62 |    85 |    68 |   215 ||   430
